TOP OF THE 1ST |
---|
Austin River Sharks batting - Pitching for Portland Cards : RHP Nelson Ortega | Pitching: RHP Nelson Ortega | | Batting: LHB José Liñares | 0-0: Called Strike 0-1: SINGLE (Flyball, 9LS) | Batting: RHB Júlio Figueroa | 0-0: Ball 1-0: SINGLE (Groundball, 6D) José Liñares to second | Batting: LHB Greg Nelson | 0-0: Ball 1-0: Called Strike 1-1: Fly out, F8 (Flyball, 78D) | Batting: RHB Edward Young | 0-0: Foul Ball, location: 2F 0-1: Ball 1-1: Ball 2-1: Swinging Strike 2-2: Strikes out swinging | Batting: RHB Pedro Guzmán | 0-0: Called Strike 0-1: Foul Ball, location: 2F 0-2: Strikes out looking | Top of the 1st over - 0 runs, 2 hits, 0 errors, 2 left on base; Austin 0 - Portland 0 | BOTTOM OF THE 1ST |
---|
Portland Cards batting - Pitching for Austin River Sharks : RHP António Rijo | Pitching: RHP António Rijo | | Batting: RHB Dani Vázquez | 0-0: Ball 1-0: Called Strike 1-1: Ball 2-1: SINGLE (Groundball, 6MD) | Batting: RHB António Zúñiga | 0-0: Ball 1-0: Ground out 1-3 (Groundball, 13) Dani Vázquez to second | Batting: LHB Troy Donaldson | 0-0: Swinging Strike 0-1: Ground out 5-3 (Groundball, 56) | Batting: LHB Jeff Daniels | 0-0: Foul Ball, location: 2F 0-1: Ball 1-1: Foul Ball, location: 2F 1-2: Ball 2-2: Ball 3-2: Foul Ball, location: 2F 3-2: SINGLE (Line Drive, 7S) Dani Vázquez to third Dani Vázquez scores | Batting: RHB Aaron Scott | 0-0: Foul Ball, location: 2F 0-1: Ball 1-1: 2-RUN HOME RUN (Flyball, 8RXD), Distance : 413 ft | Batting: RHB Eugene Gill | 0-0: Ball 1-0: Ground out U3 (Groundball, 34S) | Bottom of the 1st over - 3 runs, 3 hits, 0 errors, 0 left on base; Austin 0 - Portland 3 | TOP OF THE 2ND |
---|
Austin River Sharks batting - Pitching for Portland Cards : RHP Nelson Ortega | Batting: RHB Tony Cruz | 0-0: Ball 1-0: Fly out, F7 (Flyball, 7LS) | Batting: LHB Harry Pitts | 0-0: Ball 1-0: Ball 2-0: Foul Ball, location: 2F 2-1: Ball 3-1: Called Strike 3-2: Foul Ball, location: 2F 3-2: DOUBLE (Line Drive, 9LD) | Batting: RHB Richard Coker | 0-0: Called Strike 0-1: Called Strike 0-2: Ball 1-2: Ball 2-2: Foul Ball, location: 2F 2-2: Foul Ball, location: 2F 2-2: Foul Ball, location: 2F 2-2: Ball 3-2: Foul Ball, location: 2F 3-2: SINGLE (Line Drive, 8LS) Harry Pitts to third | Batting: RHB Andy Aiton | 0-0: Called Strike 0-1: Foul Ball, location: 2F 0-2: Ball 1-2: Ball 2-2: 3-RUN HOME RUN (Flyball, 78XD), Distance : 369 ft | Batting: LHB José Liñares | 0-0: Ground out U3 (Groundball, 3) | Batting: RHB Júlio Figueroa | 0-0: Ground out 4-3 (Groundball, 4S) | Top of the 2nd over - 3 runs, 3 hits, 0 errors, 0 left on base; Austin 3 - Portland 3 | BOTTOM OF THE 2ND |
---|
Portland Cards batting - Pitching for Austin River Sharks : RHP António Rijo | Batting: LHB Chance Santry | 0-0: Called Strike 0-1: Ball 1-1: Called Strike 1-2: Foul Ball, location: 2F 1-2: Foul Ball, location: 2F 1-2: Strikes out swinging | Batting: RHB Jared Thompson | 0-0: Called Strike 0-1: Foul Ball, location: 2F 0-2: Ball 1-2: Strikes out looking | Batting: RHB Gabriel Miranda | 0-0: Swinging Strike 0-1: Ball 1-1: Foul Ball, location: 2F 1-2: Ball 2-2: Strikes out swinging | Bottom of the 2nd over - 0 runs, 0 hits, 0 errors, 0 left on base; Austin 3 - Portland 3 | TOP OF THE 3RD |
---|
Austin River Sharks batting - Pitching for Portland Cards : RHP Nelson Ortega | Batting: LHB Greg Nelson | 0-0: Foul Ball, location: 2F 0-1: Ball 1-1: Ball 2-1: Ball 3-1: Fly out, F8 (Flyball, 8RS) | Batting: RHB Edward Young | 0-0: Ball 1-0: Called Strike 1-1: Ball 2-1: Ball 3-1: Called Strike 3-2: SINGLE (Line Drive, 6D) | Batting: RHB Pedro Guzmán | 0-0: Ball 1-0: Ball 2-0: Ball 3-0: Called Strike 3-1: Base on Balls Edward Young to second | Batting: RHB Tony Cruz | 0-0: Called Strike 0-1: Called Strike 0-2: Ball 1-2: Strikes out swinging | Batting: LHB Harry Pitts | 0-0: Ground out 6-3 (Groundball, 6MD) | Top of the 3rd over - 0 runs, 1 hit, 0 errors, 2 left on base; Austin 3 - Portland 3 | BOTTOM OF THE 3RD |
---|
Portland Cards batting - Pitching for Austin River Sharks : RHP António Rijo | Batting: RHB Dani Vázquez | 0-0: Called Strike 0-1: Fly out, F9 (Flyball, 9) | Batting: RHB António Zúñiga | 0-0: Foul Ball, location: 2F 0-1: Ball 1-1: Swinging Strike 1-2: Foul Ball, location: 2F 1-2: Foul Ball, location: 2F 1-2: Strikes out swinging | Batting: LHB Troy Donaldson | 0-0: Called Strike 0-1: Called Strike 0-2: Strikes out swinging | Bottom of the 3rd over - 0 runs, 0 hits, 0 errors, 0 left on base; Austin 3 - Portland 3 | TOP OF THE 4TH |
---|
Austin River Sharks batting - Pitching for Portland Cards : RHP Nelson Ortega | Batting: RHB Richard Coker | 0-0: Ground out 5-3 (Groundball, 56) | Batting: RHB Andy Aiton | 0-0: Ground out 4-3 (Groundball, 4) | Batting: LHB José Liñares | 0-0: Ball 1-0: Ball 2-0: Swinging Strike 2-1: Ball 3-1: Base on Balls | Batting: RHB Júlio Figueroa | 0-0: Foul Ball, location: 2F 0-1: Ball 1-1: Ball 2-1: Fielders Choice at 2nd, 5-4 (Groundball, 56) | Top of the 4th over - 0 runs, 0 hits, 0 errors, 1 left on base; Austin 3 - Portland 3 | BOTTOM OF THE 4TH |
---|
Portland Cards batting - Pitching for Austin River Sharks : RHP António Rijo | Batting: LHB Jeff Daniels | 0-0: Called Strike 0-1: Foul Ball, location: 2F 0-2: Fly out, F7 (Flyball, 7S) | Batting: RHB Aaron Scott | 0-0: Ball 1-0: Ground out 6-3 (Groundball, 6) | Batting: RHB Eugene Gill | 0-0: Foul Ball, location: 2F 0-1: Ground out 5-3 (Groundball, 5S) | Bottom of the 4th over - 0 runs, 0 hits, 0 errors, 0 left on base; Austin 3 - Portland 3 | TOP OF THE 5TH |
---|
Austin River Sharks batting - Pitching for Portland Cards : RHP Nelson Ortega | Batting: LHB Greg Nelson | 0-0: Swinging Strike 0-1: Foul Ball, location: 2F 0-2: Ball 1-2: Foul Ball, location: 2F 1-2: Ball 2-2: Ball 3-2: DOUBLE (Line Drive, 9D) | Batting: RHB Edward Young | 0-0: Swinging Strike 0-1: Ball 1-1: SINGLE (Groundball, 56D) Greg Nelson to third Runner from 3rd tries for Home, SAFE, throw made home | Batting: RHB Pedro Guzmán | 0-0: Ball 1-0: 2-RUN HOME RUN (Flyball, 78XD), Distance : 371 ft | Pitching: RHP Gustavo Ramos | | Batting: RHB Tony Cruz | 0-0: Ball 1-0: SOLO HOME RUN (Flyball, 9LD), Distance : 328 ft | Batting: LHB Harry Pitts | 0-0: Ball 1-0: Foul Ball, location: 2F 1-1: Ground out 5-3 (Groundball, 56) | Batting: RHB Richard Coker | 0-0: Ball 1-0: Ball 2-0: Single, Error in OF, E7, batter to second base | Batting: RHB Andy Aiton | 0-0: Ball 1-0: Ground out 6-3 (Groundball, 6S) Richard Coker to third | Batting: LHB José Liñares | 0-0: Ball 1-0: Ball 2-0: SINGLE (Line Drive, 8RS) Richard Coker scores | Batting: RHB Júlio Figueroa | 0-0: Called Strike 0-1: Fielders Choice at 2nd, 6-4 (Groundball, 6) | Top of the 5th over - 5 runs, 6 hits, 1 error, 1 left on base; Austin 8 - Portland 3 | BOTTOM OF THE 5TH |
---|
Portland Cards batting - Pitching for Austin River Sharks : RHP António Rijo | Batting: LHB Chance Santry | 0-0: SINGLE (Line Drive, 8LS) | Batting: RHB Jared Thompson | 0-0: Called Strike 0-1: Swinging Strike 0-2: Ball 1-2: Grounds into double play, 4-6-3 (Groundball, 4) | Batting: RHB Gabriel Miranda | 0-0: Fly out, F8 (Flyball, 8LS) | Bottom of the 5th over - 0 runs, 1 hit, 0 errors, 0 left on base; Austin 8 - Portland 3 | TOP OF THE 6TH |
---|
Austin River Sharks batting - Pitching for Portland Cards : RHP Gustavo Ramos | Batting: LHB Greg Nelson | 0-0: Called Strike 0-1: Ball 1-1: Swinging Strike 1-2: Foul Ball, location: 2F 1-2: Ball 2-2: Ball 3-2: Foul Ball, location: 2F 3-2: Foul Ball, location: 2F 3-2: DOUBLE (Line Drive, 78S) | Batting: RHB Edward Young | 0-0: Swinging Strike 0-1: Foul Ball, location: 2F 0-2: Ball 1-2: Ball 2-2: Fly out, F7 (Flyball, 7LSF) | Batting: RHB Pedro Guzmán | 0-0: Fly out, F8 (Flyball, 8LD) | Batting: RHB Tony Cruz | 0-0: Ball 1-0: Ball 2-0: Called Strike 2-1: Called Strike 2-2: Ball 3-2: Fly out, F7 (Flyball, 7LD) | Top of the 6th over - 0 runs, 1 hit, 0 errors, 1 left on base; Austin 8 - Portland 3 | BOTTOM OF THE 6TH |
---|
Portland Cards batting - Pitching for Austin River Sharks : RHP António Rijo | Batting: RHB Dani Vázquez | 0-0: Ball 1-0: Ball 2-0: Swinging Strike 2-1: Ball 3-1: Called Strike 3-2: Fly out, F4 (Line Drive, 4) | Batting: RHB António Zúñiga | 0-0: Ball 1-0: Ball 2-0: Swinging Strike 2-1: Ground out U3 (Groundball, 34) | Batting: LHB Troy Donaldson | 0-0: Ball 1-0: Called Strike 1-1: Foul Ball, location: 2F 1-2: Strikes out swinging | Bottom of the 6th over - 0 runs, 0 hits, 0 errors, 0 left on base; Austin 8 - Portland 3 | TOP OF THE 7TH |
---|
Austin River Sharks batting - Pitching for Portland Cards : RHP Gustavo Ramos | Batting: LHB Harry Pitts | 0-0: Ball 1-0: Ball 2-0: Foul Ball, location: 2F 2-1: Ground out 5-3 (Groundball, 56) | Batting: RHB Richard Coker | 0-0: Called Strike 0-1: Ground out U3 (Groundball, 34S) | Batting: RHB Andy Aiton | 0-0: Ball 1-0: Foul Ball, location: 2F 1-1: Foul Ball, location: 2F 1-2: Ball 2-2: Strikes out swinging | Top of the 7th over - 0 runs, 0 hits, 0 errors, 0 left on base; Austin 8 - Portland 3 | BOTTOM OF THE 7TH |
---|
Portland Cards batting - Pitching for Austin River Sharks : RHP António Rijo | Batting: LHB Jeff Daniels | 0-0: Ball 1-0: Called Strike 1-1: SINGLE (Flyball, 9LS) | Batting: RHB Aaron Scott | 0-0: Ball 1-0: Grounds into double play, 3-6-3 (Groundball, 34) | Batting: RHB Eugene Gill | 0-0: Ball 1-0: Ball 2-0: SINGLE (Groundball, 3) (infield hit) | Batting: LHB Chance Santry | 0-0: Ball 1-0: Ball 2-0: Called Strike 2-1: Foul Ball, location: 2F 2-2: SINGLE (Groundball, 3D) Eugene Gill to second Runner from 2nd tries for 3rd, SAFE, no throw | Batting: RHB Jared Thompson | 0-0: Ground out 5-3 (Groundball, 25) | Bottom of the 7th over - 0 runs, 3 hits, 0 errors, 2 left on base; Austin 8 - Portland 3 | TOP OF THE 8TH |
---|
Austin River Sharks batting - Pitching for Portland Cards : RHP Gustavo Ramos | Batting: LHB José Liñares | 0-0: Ball 1-0: Called Strike 1-1: Ball 2-1: SINGLE (Line Drive, 8RS) | Batting: RHB Júlio Figueroa | 0-0: Ball 1-0: Called Strike 1-1: Ground out U3 (Groundball, 34S) José Liñares to second | Pitching: RHP Ron Biller | | Batting: LHB Greg Nelson | 0-0: Ball 1-0: Ball 2-0: Ball 3-0: Called Strike 3-1: Swinging Strike 3-2: Strikes out swinging | Batting: RHB Edward Young | 0-0: Ball 1-0: SINGLE (Line Drive, 89S) José Liñares to third Runner from 3rd tries for Home, SAFE, throw made home | Batting: RHB Pedro Guzmán | 0-0: Ball Edward Young steals 2nd base 1-0: Foul Ball, location: 2F 1-1: Ball 2-1: Called Strike 2-2: Strikes out looking | Top of the 8th over - 1 run, 2 hits, 0 errors, 1 left on base; Austin 9 - Portland 3 | BOTTOM OF THE 8TH |
---|
Portland Cards batting - Pitching for Austin River Sharks : RHP António Rijo | Now at C: Jesús Hernández | | Now in LF: Enrico Vargas | | Batting: RHB Gabriel Miranda | 0-0: Ground out 5-3 (Groundball, 5S) | Batting: RHB Dani Vázquez | 0-0: Ball 1-0: Ball 2-0: Ball 3-0: Ground out 6-3 (Groundball, 6) | Batting: RHB António Zúñiga | 0-0: Foul Ball, location: 2F 0-1: Ball 1-1: Called Strike 1-2: Ground out 5-3 (Groundball, 56) | Bottom of the 8th over - 0 runs, 0 hits, 0 errors, 0 left on base; Austin 9 - Portland 3 | TOP OF THE 9TH |
---|
Austin River Sharks batting - Pitching for Portland Cards : RHP Ron Biller | Batting: RHB Tony Cruz | 0-0: Called Strike 0-1: Swinging Strike 0-2: Foul Ball, location: 2F 0-2: Strikes out swinging | Batting: LHB Harry Pitts | 0-0: Called Strike 0-1: Swinging Strike 0-2: Ball 1-2: Fly out, F6 (Line Drive, 6) | Batting: RHB Richard Coker | 0-0: SINGLE (Groundball, 4S) (infield hit) | Batting: RHB Andy Aiton | 0-0: Foul Ball, location: 2F 0-1: Fly out, F2 (Popup, 25F) | Top of the 9th over - 0 runs, 1 hit, 0 errors, 1 left on base; Austin 9 - Portland 3 | BOTTOM OF THE 9TH |
---|
Portland Cards batting - Pitching for Austin River Sharks : RHP António Rijo | Now at 1B: Dan Wyatt | | Batting: LHB Troy Donaldson | 0-0: Ball 1-0: Ball 2-0: Ball 3-0: Foul Ball, location: 2F 3-1: Foul Ball, location: 2F 3-2: Fly out, F8 (Flyball, 8LXD) | Batting: LHB Jeff Daniels | 0-0: Ground out 6-3 (Groundball, 6M) | Batting: RHB Aaron Scott | 0-0: Called Strike 0-1: Foul Ball, location: 2F 0-2: Ball 1-2: Strikes out looking | Bottom of the 9th over - 0 runs, 0 hits, 0 errors, 0 left on base; Austin 9 - Portland 3 | |